 Dungeon Crawl Stone Soup version 0.29-a0-575-g0dc89cf053 (webtiles) character file.

Game seed: 2218946628451088604

4855 xian the Thaumaturge (level 10, -18/53 HPs)
             Began as a Deep Elf Conjurer on June 12, 2022.
             Was an Initiate of Gozag.
             Demolished by a two-headed ogre
             ... wielding a +0 giant club
              (27 damage)
             ... on level 9 of the Dungeon.
             The game lasted 00:26:27 (10258 turns).

xian the Thaumaturge (Deep Elf Conjurer)           Turns: 10258, Time: 00:26:29

Health: -18/53     AC: 19    Str:  6    XL:     10   Next: 25%
Magic:  14/18      EV:  8    Int: 28    God:    Gozag
Gold:   963        SH:  0    Dex: 13    Spells: 28/31 levels left

rFire   + . .      SeeInvis .   x - +4 flail (vorpal)
rCold   + + .      Faith    .   o - orb {light}
rNeg    + . .      Spirit   .   y - +7 Kryia's mail coat {PotionHeal*2 rC+}
rPois   +          Reflect  .   n - +0 helmet
rElec   .          Harm     .   r - scarf {rC+ rF+}
rCorr   .          Rampage  .   B - +1 pair of gloves of Hiulupha {rN+ Regen+ MP-9 Str+2}
Will    +....                   q - +0 pair of boots
Stlth   +.........              (no amulet)
HPRegen 0.97/turn               v - ring of poison resistance
MPRegen 0.16/turn               (no ring)

@: gold aura, glowing
A: no striking features
a: Renounce Religion, Potion Petition, Call Merchant, Bribe Branch


You were on level 9 of the Dungeon.
You worshipped Gozag.
Gozag was pleased with you.
You visited 2 branches of the dungeon, and saw 10 of its levels.

You collected 1019 gold pieces.
You spent 12 gold pieces at shops.
You paid 44 gold pieces to Gozag.

Inventory:

Hand Weapons
 x - a +4 vorpal flail (weapon)
Armour
 n - a +0 helmet (worn)
 o - an orb of light (worn)
 q - a +0 pair of boots (worn)
 r - a scarf of resistance (worn)
 y - the +7 Kryia's mail coat (worn) {PotionHeal*2 rC+}
   (You found it on level 7 of the Dungeon)

   Potions are twice as effective at healing its wearer.
   rC:        It protects you from cold.
 B - the +1 pair of gloves of Hiulupha (worn) {rN+ Regen+ MP-9 Str+2}
   (You found it on level 7 of the Dungeon)

   Str:       It affects your strength (+2).
   rN:        It protects you from negative energy.
   MP:        It affects your magic capacity (-9).
   Regen:     It increases your rate of health regeneration.
Jewellery
 v - a ring of poison resistance (left hand)
 z - an amulet of magic regeneration
Wands
 i - a wand of mindburst (14)
 j - a wand of acid (18)
 l - a wand of flame (21)
Scrolls
 a - 2 scrolls of enchant armour
 d - 3 scrolls of poison
 k - a scroll of amnesia
 w - a scroll of immolation
Potions
 c - 7 potions of curing
 e - 5 potions of flight
 f - a potion of cancellation {unknown}
 g - a potion of berserk rage {unknown}
 m - 3 potions of heal wounds
 p - 2 potions of resistance
 s - a potion of mutation {unknown}
 t - a potion of ambrosia {unknown}
 A - a potion of lignification {unknown}


   Skills:
 + Level 1.7 Fighting
 + Level 1.2 Polearms
 + Level 5.5 Armour
 + Level 6.6 Dodging
 + Level 5.2 Stealth
 + Level 0.5 Unarmed Combat
 + Level 11.2 Spellcasting
 + Level 9.7 Conjurations


You had 28 spell levels left.
You knew the following spells:

 Your Spells              Type           Power      Damage    Failure   Level
a - Magic Dart            Conj           100%       1d8       1%          1
b - Searing Ray           Conj           100%       2d8       1%          2

Your spell library contained the following spells:

 Spells                   Type           Power      Damage    Failure   Level
 Dazzling Flash           Conj/Hex       86%        N/A       19%         3
 Stone Arrow              Conj/Erth      86%        3d12      19%         3
 Sandblast                Erth           30%        2d9       41%         1
 Fulminant Prism          Conj/Hex       21%        3d13      52%         4
 Iskenderun's Mystic Bla  Conj/Tloc      43%        2d10      52%         4
 Passwall                 Tmut/Erth      12%        N/A       56%         2
 Sublimation of Blood     Necr           15%        N/A       56%         2
 Wereblood                Tmut           15%        N/A       56%         2
 Gell's Gravitas          Tloc           15%        N/A       80%         3
 Teleport Other           Tloc           15%        N/A       80%         3
 Dispersal                Tloc           7%         N/A       100%        6
 Summon Hydra             Summ           7%         N/A       100%        7


Dungeon Overview and Level Annotations

Branches:
Dungeon (9/15)             Temple (1/1) D:4
   Lair: D:8-11         Orc: D:9-12

Altars:
Ashenzari
Fedhas
Gozag
Hepliaklqana
Makhleb
Okawaru
Vehumet
Yredelemnul
The Shining One

Shops:
D:1 !   D:8 [

Annotations:
D:8 2 transporters


Message History

The searing ray hits the two-headed ogre!
The two-headed ogre is moderately wounded.
The searing ray hits the two-headed ogre!
The two-headed ogre is heavily wounded.
You finish channelling your searing ray.
Your surroundings suddenly seem different.
A kobold comes into view. It is wielding a +0 short sword.
The two-headed ogre shouts in stereo!
You hear a shout! x2
Okay, then.
As you read the scroll of fog, it crumbles to dust.
The scroll dissolves into smoke.
The kobold shouts!
The kobold brigand throws a poisoned dart.
The poisoned dart closely misses you.
The kobold shoots a bolt.
The bolt hits you but does no damage.
A kobold comes into view. It is wielding a +0 dagger.
The kobold shouts! x2
The kobold brigand throws a poisoned dart.
The poisoned dart hits you!
You see here 12 stones.
The gnoll sergeant shouts!
The kobold shouts!
The kobold closely misses you.
You barely miss the kobold.
The kobold hits you but does no damage. x2
The two-headed ogre hits you but does no damage.
The two-headed ogre hits you with a +0 giant spiked club.
* * * LOW HITPOINT WARNING * * *
The air fills with toxic fumes!
As you read the scroll of poison, it crumbles to dust.
The gnoll shouts!
The kobold shoots a bolt.
The bolt hits you but does no damage. The kobold misses you.
You hit the kobold.
You kill the kobold!
The kobold shoots a bolt.
The bolt hits you but does no damage.
The two-headed ogre hits you with a +0 giant club!
* * * LOW HITPOINT WARNING * * *
The two-headed ogre hits you with a +0 giant spiked club!!
Ouch! That really hurt!
You die...
Your body crumbles into a pile of gold.

#######
##..§.§##
##...§§§§##
#....§§§§§#
#.[...§§§§#
#.....§§O@#
#......§K§##
#.....§§K§§##
#...§§KKgK§§####
#.§§§§K§§.§§§...
#.§§§§§§§§###§..
.§§§§§§§§§. §#
.§§§§§§g§§K..#
#.........K..#


You could see a two-headed ogre, a kobold brigand, a gnoll sergeant, a gnoll and
4 kobolds.

Vanquished Creatures
  A two-headed ogre (D:7)
  A troll (D:6)
  2 wyverns
  Eustachio (D:4)
  4 yaks (D:8)
  4 steam dragons
  A water moccasin (D:8)
  3 orc warriors
  3 sky beasts
  An ice beast (D:6)
  2 ogres
  A centaur (D:8)
  3 phantoms
  2 bullfrogs
  Blork the orc (D:6)
  2 necrophages
  A scorpion (D:4)
  7 wights
  A jelly (D:8)
  A gnoll shaman (D:8)
  2 orc priests
  A hound (D:6)
  Ijyb (D:4)
  2 iguanas
  3 orc wizards
  Natasha (thrice) (D:4)
  5 gnolls
  3 adders
  2 shadow imps
  A white imp (D:6)
  2 ufetubi
  2 worms
  5 dart slugs
  24 orcs
  7 bats
  3 endoplasms
  5 giant cockroaches
  8 goblins
  7 hobgoblins
  4 jackals (D:4)
  A quokka (D:5)
  5 ball pythons
  2 frilled lizards
  5 kobolds
  A rat (D:2)
146 creatures vanquished.

Notes
Turn   | Place    | Note
-------+----------+-------------------------------------------
     0 | D:1      | xian the Deep Elf Conjurer began the quest for the Orb.
     0 | D:1      | Reached XP level 1. HP: 10/10 MP: 6/6
   277 | D:1      | Reached XP level 2. HP: 15/15 MP: 2/8
   482 | D:1      | Reached skill level 5 in Conjurations
   646 | D:1      | Found a faded altar of an unknown god.
   887 | D:1      | Found Baapadda's Distillery.
   892 | D:1      | Bought a potion of degeneration for 12 gold pieces
  1228 | D:2      | Reached XP level 3. HP: 19/19 MP: 6/9
  2528 | D:3      | Reached XP level 4. HP: 24/24 MP: 8/11
  2690 | D:3      | Reached skill level 4 in Spellcasting
  3123 | D:3      | Found a faded altar of an unknown god.
  3153 | D:4      | Noticed Natasha
  3266 | D:3      | Learned a level 2 spell: Searing Ray
  3271 | D:4      | Killed Natasha
  3272 | D:4      | Reached XP level 5. HP: 26/28 MP: 7/13
  3565 | D:4      | Noticed Natasha
  3569 | D:4      | Killed Natasha
  3641 | D:4      | Noticed Natasha
  3644 | D:4      | Killed Natasha
  3645 | D:4      | Reached skill level 5 in Spellcasting
  3647 | D:4      | Found a staircase to the Ecumenical Temple.
  3656 | Temple   | Entered the Ecumenical Temple
  3662 | Temple   | Became a worshipper of Gozag Ym Sagoz the Greedy
  3681 | D:4      | Found a basalt altar of Yredelemnul.
  3681 | D:4      | Found an iron altar of Okawaru.
  3721 | D:4      | Noticed Eustachio
  3723 | D:4      | Noticed a phantom
  3730 | D:4      | Reached XP level 6. HP: 23/32 MP: 4/16
  3812 | D:4      | Killed Eustachio
  3813 | D:4      | Reached skill level 6 in Spellcasting
  3823 | D:4      | Reached XP level 7. HP: 22/37 MP: 0/18
  4371 | D:4      | Noticed Ijyb
  4382 | D:4      | Killed Ijyb
  4623 | D:5      | Entered Level 5 of the Dungeon
  4629 | D:5      | Reached skill level 7 in Spellcasting
  5479 | D:5      | Found a broken altar of Ashenzari.
  5490 | D:5      | Found a radiant altar of Vehumet.
  5644 | D:5      | Reached skill level 8 in Spellcasting
  5644 | D:5      | Reached XP level 8. HP: 13/42 MP: 11/22
  5928 | D:6      | Reached skill level 1 in Armour
  6177 | D:6      | Noticed Blork the orc
  6186 | D:6      | Killed Blork the orc
  6515 | D:6      | Reached skill level 5 in Dodging
  6515 | D:6      | Reached skill level 9 in Spellcasting
  6661 | D:6      | Noticed a troll
  6665 | D:6      | Killed a troll
  6959 | D:6      | Reached XP level 9. HP: 46/46 MP: 18/24
  7515 | D:7      | Reached skill level 1 in Fighting
  7515 | D:7      | Reached skill level 1 in Polearms
  7716 | D:7      | Reached skill level 5 in Stealth
  7789 | D:7      | Found a hazy altar of Hepliaklqana.
  7809 | D:7      | Found the +7 Kryia's mail coat {PotionHeal*2 rC+}
  7896 | D:7      | Reached skill level 10 in Spellcasting
  8158 | D:7      | Identified the +1 pair of gloves of Hiulupha {rN+ Regen+
                  | MP-9 Str+2}
  8397 | D:8      | Found Plog's Armour Boutique.
  8422 | D:8      | Noticed a two-headed ogre
  8453 | D:7      | Killed a two-headed ogre
  8808 | D:8      | Reached XP level 10. HP: 50/52 MP: 8/26
  8928 | D:8      | Reached skill level 5 in Armour
  8928 | D:8      | Reached skill level 11 in Spellcasting
  9518 | D:8      | Found a sparkling altar of Nemelex Xobeh.
  9519 | D:8      | Noticed a boulder beetle
  9522 | D:8      | Found a transporter.
  9525 | D:8      | Noticed a cyclops
  9534 | D:8      | Found a transporter.
  9547 | D:8      | Noticed a shock serpent
  9547 | D:8      | a redback changed into a shock serpent
  9610 | D:8      | Noticed a water nymph
  9956 | D:9      | Noticed a two-headed ogre
 10240 | D:9      | Noticed a two-headed ogre
 10258 | D:9      | Demolished by a two-headed ogre

Illustrated notes

Levels and vault maps discovered:
D:1:      minmay_arrival_solitary_statue, layout_basic,
          shapermc_ecumenical_altar_notcrosses, serial_shops, shop
D:2:      minmay_alternating_diamond, layout_basic, hangedman_glass_teeth
D:3:      layout_basic, nicolae_overflow_ecumenical_swirl, serial_glass,
          glass_columns_b, glass_columns_b, glass_columns_c, glass_columns_b,
          glass_columns_a, glass_columns_a, glass_columns_c,
          minmay_misc_feat_cross, grunt_decor_cap
D:4:      layout_basic, chequers_temple_overflow_statue_of_worship,
          minmay_temple_entry_stoned_glass, uniq_eustachio, uniq_ijyb,
          uniq_natasha
D:5:      layout_loops_ring, amethyst_overflow_temple_binary
D:6:      layout_cave_pods, uniq_blork_the_orc
D:7:      layout_loops_ring, worldfamousw_hep_ancestral_shrine,
          minmay_misc_feat_nine_boxes
D:8:      layout_layer_cave, gammafunk_temple_overflow_arena, serial_shops,
          shop_statue, minmay_increasing_density
D:9:      cheibrodos_shockbox, layout_rooms, mainiacjoe_overflow_paths,
          orc_0_dummy, hangedman_abyss_or_decor_stabs, st_stairs_1
Temple:   zaba_magenta_temple

Skill      XL: |  1  2  3  4  5  6  7  8  9 10 |
---------------+-------------------------------+-----
Conjurations   | 5 6 7 8 9 |  9.7
Dodging        | 3 4 5 6 |  6.6
Spellcasting   | 4 5 6 8 9 10 11 | 11.2
Stealth        | 3 4 5 |  5.2
Armour         | 2 4 5 |  5.5
Fighting       | 1 |  1.7
Polearms       | 1 |  1.2
Unarmed Combat | |  0.5

Action                   |  1- 3 |  4- 6 |  7- 9 | 10-12 || total
-------------------------+-------+-------+-------+-------++-------
Melee: Unarmed           |    15 |       |       |       ||    15
       Spear             |       |     3 |    15 |       ||    18
       Flail             |       |       |     1 |     3 ||     4
 Cast: Magic Dart        |    84 |    62 |    26 |     9 ||   181
       Searing Ray       |       |    10 |    71 |    17 ||    98
  Use: Scroll            |     7 |     2 |     4 |     4 ||    17
       Potion            |       |       |     1 |       ||     1
Armor: Robe              |    12 |     3 |       |       ||    15
       Leather armour    |       |       |    21 |       ||    21
       Scale mail        |       |       |    14 |    45 ||    59
Dodge: Dodged            |    16 |    15 |    60 |    23 ||   114

Table legend: (Time is in decaauts)
 A = Elapsed time spent in this place.
 B = Non-inter-level travel time spent in this place.
 C = Inter-level travel time spent in this place.
 D = Time resting spent in this place.
 E = Time spent auto-exploring this place.
 F = Levels seen in this place.
 G = Mean time per level.
                   A        B        C        D        E       F      G
               +--------+--------+--------+--------+--------+-----+--------+
         Total |  10267 |   9962 |    305 |   1076 |   7237 |  10 | 1026.7 |
       Dungeon |  10191 |   9886 |    305 |   1015 |   7237 |   9 | 1132.3 |
        Temple |     76 |     76 |      0 |     61 |      0 |   1 |   76.0 |
               +--------+--------+--------+--------+--------+-----+--------+

Top non-repeatable levels by time:
     D:8: 1559 daAuts
     D:6: 1519 daAuts
     D:4: 1293 daAuts
     D:7: 1281 daAuts
     D:5: 1220 daAuts
     D:1: 1202 daAuts
     D:2: 1177 daAuts
     D:3: 874 daAuts
  Temple: 76 daAuts
     D:9: 62 daAuts
